[ PARTIDA AOE2 · #494744819 ]
UnrankedBritanos vs Poles
Equipo del jugador · DERR
Equipo rival · VICT
[ ANÁLISIS DE REPETICIÓN · EXTRAÍDO DE LA PARTIDA GRABADA ]
Feudal
9:00
Castillos
19:57
Imperial
—
| APM promedio | 53.3 |
| APM pico | 128 |
| eAPM promedio | 27.7 |
| Aldeanos / militares | 100 / 116 |
Foco
⚔️ 46.4% · 🌾 53.6%
Archer ×90 · Spearman ×25 · Skirmisher ×1
Feudal
8:51
Castillos
18:48
Imperial
31:47
| APM promedio | 53.4 |
| APM pico | 100 |
| eAPM promedio | 24.2 |
| Aldeanos / militares | 126 / 72 |
Foco
⚔️ 33.3% · 🌾 66.7%
Scout Cavalry ×39 · Knight ×26 · Monk ×4 · Trebuchet (Packed) ×3
Mapa de la partida
Recursos iniciales + cada clic de construcción. Líneas = muros · curvas = relieve. ◆ oro · ⬟ piedra · ● bayas · ✦ reliquia · ◌ hueco del cierre
Tu base· ✓ Cerrada en 19:57 · 36t muro · 1 puerta(s)
Base de [DDocs] Dr.Rollstuhl - Twitch· ✓ Cerrada en 18:48 · 35t muro · sin puerta
Terreno inicial suavizado · ◌ = hueco del cierre detectado · pasá el cursor para detalles
Inputs por minuto
— DS_Uruguayo - - [DDocs] Dr.Rollstuhl - Twitch
Build order — DS_Uruguayo
Primeras 150 de 308 acciones detectadas
| 0:00 | Crear | Villager (Male) |
| 0:01 | Crear | Villager (Male) |
| 0:01 | Construir | House |
| 0:02 | Construir | House |
| 0:06 | Crear | Villager (Male) |
| 0:06 | Crear | Villager (Male) |
| 0:06 | Crear | Villager (Male) |
| 1:24 | Crear | Villager (Male) |
| 1:24 | Crear | Villager (Male) |
| 1:48 | Construir | Lumber Camp |
| 1:49 | Crear | Villager (Male) |
| 1:50 | Crear | Villager (Male) |
| 1:59 | Construir | Lumber Camp |
| 2:04 | Crear | Villager (Male) |
| 2:04 | Crear | Villager (Male) |
| 2:04 | Crear | Villager (Male) |
| 2:33 | Crear | Villager (Male) |
| 2:47 | Crear | Villager (Male) |
| 2:47 | Crear | Villager (Male) |
| 3:49 | Crear | Villager (Male) |
| 3:49 | Crear | Villager (Male) |
| 3:58 | Crear | Villager (Male) |
| 4:18 | Construir | House |
| 5:00 | Construir | Mill |
| 5:02 | Crear | Villager (Male) |
| 5:35 | Crear | Villager (Male) |
| 5:37 | Crear | Villager (Male) |
| 5:37 | Investigar | Loom |
| 6:49 | Investigar | Feudal Age |
| 6:49 | Investigar | Feudal Age |
| 7:26 | Construir | Palisade Wall |
| 7:29 | Construir | Palisade Wall |
| 7:30 | Construir | Palisade Wall |
| 8:04 | Construir | Barracks |
| 8:08 | Construir | House |
| 8:16 | Crear | Villager (Male) |
| 8:57 | Crear | Villager (Male) |
| 9:00 | Edad | Edad Feudal |
| 9:03 | Construir | Archery Range |
| 9:06 | Construir | Mining Camp |
| 9:13 | Construir | House |
| 9:25 | Investigar | Double-Bit Axe |
| 9:25 | Investigar | Double-Bit Axe |
| 9:29 | Crear | Villager (Male) |
| 9:52 | Construir | House |
| 9:55 | Construir | House |
| 9:59 | Construir | Palisade Wall |
| 10:00 | Crear | Villager (Male) |
| 10:09 | Crear | Villager (Male) |
| 10:19 | Construir | House |
| 10:21 | Crear | Archer |
| 10:21 | Crear | Archer |
| 10:29 | Construir | Palisade Wall |
| 10:32 | Construir | Palisade Wall |
| 10:37 | Construir | Palisade Wall |
| 10:38 | Crear | Villager (Male) |
| 10:44 | Crear | Spearman |
| 10:49 | Construir | Palisade Wall |
| 10:52 | Crear | Villager (Male) |
| 10:59 | Crear | Archer |
| 11:01 | Construir | Farm |
| 11:27 | Crear | Archer |
| 11:27 | Crear | Archer |
| 11:31 | Construir | Palisade Wall |
| 11:34 | Crear | Villager (Male) |
| 11:43 | Construir | Farm |
| 11:45 | Construir | Farm |
| 11:50 | Construir | Farm |
| 11:51 | Construir | Farm |
| 11:58 | Crear | Archer |
| 12:08 | Construir | Palisade Wall |
| 12:15 | Construir | Farm |
| 12:16 | Crear | Villager (Male) |
| 12:27 | Construir | Farm |
| 12:40 | Construir | Farm |
| 12:42 | Crear | Villager (Male) |
| 12:49 | Crear | Archer |
| 13:01 | Construir | Farm |
| 13:08 | Crear | Villager (Male) |
| 13:13 | Construir | Palisade Wall |
| 13:18 | Crear | Villager (Male) |
| 13:19 | Crear | Archer |
| 13:26 | Construir | Farm |
| 13:29 | Construir | Farm |
| 13:31 | Crear | Villager (Male) |
| 13:38 | Crear | Archer |
| 13:49 | Construir | Farm |
| 14:06 | Construir | Palisade Gate |
| 14:09 | Crear | Archer |
| 14:09 | Crear | Archer |
| 14:10 | Crear | Archer |
| 14:15 | Crear | Villager (Male) |
| 14:19 | Construir | Farm |
| 14:28 | Crear | Villager (Male) |
| 14:39 | Construir | Farm |
| 14:52 | Crear | Villager (Male) |
| 14:52 | Crear | Archer |
| 15:00 | Construir | Farm |
| 15:19 | Construir | Farm |
| 15:40 | Crear | Villager (Male) |
| 15:45 | Construir | House |
| 15:57 | Crear | Villager (Male) |
| 16:04 | Construir | Blacksmith |
| 16:10 | Construir | House |
| 16:11 | Construir | House |
| 16:25 | Crear | Villager (Male) |
| 16:52 | Crear | Villager (Male) |
| 17:15 | Investigar | Castle Age |
| 17:29 | Crear | Villager (Male) |
| 17:30 | Crear | Archer |
| 17:45 | Crear | Archer |
| 18:06 | Construir | Palisade Wall |
| 18:08 | Construir | House |
| 18:11 | Crear | Archer |
| 18:24 | Crear | Villager (Male) |
| 18:29 | Investigar | Fletching |
| 18:54 | Construir | House |
| 19:03 | Construir | House |
| 19:07 | Crear | Villager (Male) |
| 19:08 | Crear | Archer |
| 19:08 | Crear | Archer |
| 19:19 | Crear | Villager (Male) |
| 19:19 | Crear | Archer |
| 19:20 | Crear | Archer |
| 19:23 | Construir | Archery Range |
| 19:28 | Crear | Villager (Male) |
| 19:33 | Construir | Lumber Camp |
| 19:35 | Crear | Villager (Male) |
| 19:57 | Edad | Edad de los Castillos |
| 19:59 | Investigar | Crossbowman (upgrade) |
| 20:00 | Investigar | Bodkin Arrow |
| 20:04 | Crear | Archer |
| 20:04 | Crear | Archer |
| 20:46 | Investigar | Padded Archer Armor |
| 20:49 | Construir | Siege Workshop |
| 20:53 | Crear | Archer |
| 20:54 | Crear | Archer |
| 20:54 | Crear | Villager (Male) |
| 21:23 | Crear | Villager (Male) |
| 21:24 | Crear | Villager (Male) |
| 21:24 | Crear | Villager (Male) |
| 21:24 | Crear | Villager (Male) |
| 21:24 | Crear | Villager (Male) |
| 21:25 | Construir | Farm |
| 21:26 | Construir | Farm |
| 21:30 | Crear | Villager (Male) |
| 21:33 | Crear | Archer |
| 21:33 | Crear | Archer |
| 21:33 | Crear | Archer |
| 21:33 | Crear | Archer |
Build order — [DDocs] Dr.Rollstuhl - Twitch
Primeras 150 de 359 acciones detectadas
| 0:01 | Crear | Villager (Male) |
| 0:01 | Crear | Villager (Male) |
| 0:02 | Crear | Villager (Male) |
| 0:02 | Crear | Villager (Male) |
| 0:02 | Construir | House |
| 0:03 | Construir | House |
| 1:23 | Crear | Villager (Male) |
| 1:23 | Crear | Villager (Male) |
| 1:30 | Construir | House |
| 1:57 | Crear | Villager (Male) |
| 1:57 | Crear | Villager (Male) |
| 2:05 | Construir | Mill |
| 2:25 | Crear | Villager (Male) |
| 2:38 | Crear | Villager (Male) |
| 3:12 | Crear | Villager (Male) |
| 3:12 | Crear | Villager (Male) |
| 3:39 | Crear | Villager (Male) |
| 3:40 | Crear | Villager (Male) |
| 3:41 | Crear | Villager (Male) |
| 3:42 | Crear | Villager (Male) |
| 4:07 | Crear | Villager (Male) |
| 4:07 | Crear | Villager (Male) |
| 4:36 | Crear | Villager (Male) |
| 4:42 | Crear | Villager (Male) |
| 4:42 | Crear | Villager (Male) |
| 5:03 | Crear | Villager (Male) |
| 5:04 | Crear | Villager (Male) |
| 5:04 | Crear | Villager (Male) |
| 5:07 | Construir | Lumber Camp |
| 5:32 | Crear | Villager (Male) |
| 5:49 | Investigar | Loom |
| 6:39 | Investigar | Feudal Age |
| 7:38 | Construir | Barracks |
| 8:14 | Construir | House |
| 8:40 | Crear | Villager (Male) |
| 8:51 | Edad | Edad Feudal |
| 8:53 | Construir | Stable |
| 9:16 | Crear | Villager (Male) |
| 9:22 | Investigar | Double-Bit Axe |
| 9:32 | Investigar | Horse Collar |
| 9:35 | Construir | House |
| 9:39 | Crear | Scout Cavalry |
| 9:39 | Crear | Scout Cavalry |
| 9:53 | Crear | Villager (Male) |
| 10:00 | Construir | Mill |
| 10:04 | Crear | Villager (Male) |
| 10:16 | Construir | House |
| 10:28 | Crear | Villager (Male) |
| 10:32 | Construir | Farm |
| 10:53 | Crear | Villager (Male) |
| 10:53 | Crear | Villager (Male) |
| 10:54 | Crear | Villager (Male) |
| 11:00 | Construir | Farm |
| 11:04 | Construir | Farm |
| 11:07 | Construir | Farm |
| 11:11 | Construir | Farm |
| 11:14 | Construir | House |
| 11:15 | Crear | Villager (Male) |
| 11:32 | Construir | House |
| 11:37 | Construir | Farm |
| 11:38 | Crear | Villager (Male) |
| 11:40 | Construir | House |
| 11:43 | Crear | Villager (Male) |
| 11:48 | Construir | Palisade Wall |
| 11:51 | Crear | Villager (Male) |
| 12:02 | Construir | Farm |
| 12:14 | Crear | Villager (Male) |
| 12:18 | Construir | Palisade Wall |
| 12:22 | Crear | Villager (Male) |
| 12:28 | Construir | Farm |
| 12:46 | Crear | Villager (Male) |
| 12:56 | Construir | Palisade Wall |
| 13:10 | Construir | Farm |
| 13:12 | Construir | Farm |
| 13:26 | Construir | Farm |
| 13:35 | Crear | Villager (Male) |
| 13:51 | Construir | Mining Camp |
| 14:37 | Investigar | Gold Mining |
| 14:38 | Crear | Villager (Male) |
| 14:52 | Construir | Farm |
| 15:02 | Crear | Villager (Male) |
| 15:10 | Construir | Blacksmith |
| 15:26 | Construir | Farm |
| 15:30 | Crear | Villager (Male) |
| 15:56 | Investigar | Castle Age |
| 15:59 | Construir | Lumber Camp |
| 16:17 | Crear | Scout Cavalry |
| 16:19 | Investigar | Bloodlines |
| 16:25 | Investigar | Scale Barding Armor |
| 16:39 | Investigar | Bloodlines |
| 16:48 | Construir | Farm |
| 16:52 | Construir | Farm |
| 16:56 | Crear | Scout Cavalry |
| 17:48 | Crear | Villager (Male) |
| 18:02 | Crear | Scout Cavalry |
| 18:48 | Edad | Edad de los Castillos |
| 18:51 | Construir | Town Center |
| 18:54 | Investigar | Light Cavalry (upgrade) |
| 18:57 | Crear | Scout Cavalry |
| 18:58 | Crear | Villager (Male) |
| 19:14 | Construir | Town Center |
| 19:17 | Crear | Villager (Male) |
| 19:19 | Crear | Scout Cavalry |
| 19:30 | Crear | Scout Cavalry |
| 19:30 | Crear | Villager (Male) |
| 19:41 | Investigar | Bow Saw |
| 19:51 | Crear | Villager (Male) |
| 19:56 | Investigar | Chain Barding Armor |
| 20:10 | Crear | Villager (Male) |
| 20:21 | Crear | Scout Cavalry |
| 20:22 | Crear | Villager (Male) |
| 20:28 | Crear | Villager (Male) |
| 20:31 | Construir | Farm |
| 20:41 | Crear | Scout Cavalry |
| 20:46 | Crear | Scout Cavalry |
| 20:54 | Crear | Villager (Male) |
| 21:10 | Crear | Villager (Male) |
| 21:14 | Construir | Mill |
| 21:14 | Construir | Farm |
| 21:15 | Construir | Farm |
| 21:15 | Construir | Farm |
| 21:15 | Construir | Farm |
| 21:15 | Construir | Farm |
| 21:16 | Construir | Farm |
| 21:20 | Crear | Villager (Male) |
| 21:21 | Crear | Villager (Male) |
| 21:21 | Crear | Villager (Male) |
| 21:21 | Crear | Villager (Male) |
| 21:34 | Crear | Villager (Male) |
| 21:39 | Construir | Farm |
| 21:39 | Construir | Farm |
| 21:41 | Crear | Villager (Male) |
| 21:50 | Construir | House |
| 21:57 | Crear | Villager (Male) |
| 21:57 | Crear | Villager (Male) |
| 21:57 | Crear | Villager (Male) |
| 22:07 | Crear | Villager (Male) |
| 22:07 | Crear | Villager (Male) |
| 22:09 | Construir | Monastery |
| 22:12 | Construir | Farm |
| 22:13 | Crear | Villager (Male) |
| 22:13 | Crear | Villager (Male) |
| 22:17 | Construir | Farm |
| 22:18 | Crear | Villager (Male) |
| 22:25 | Construir | Farm |
| 22:25 | Construir | Farm |
| 22:27 | Crear | Villager (Male) |
| 22:27 | Crear | Villager (Male) |
| 22:27 | Crear | Villager (Male) |
| 22:32 | Crear | Villager (Male) |
Cronología de la partida
| 7:26 | DS_Uruguayo · wall_segment Palisade Wall x1 |
| 7:29 | DS_Uruguayo · wall_segment Palisade Wall x1 |
| 7:30 | DS_Uruguayo · wall_segment Palisade Wall x1 |
| 7:38 | [DDocs] Dr.Rollstuhl - Twitch · first_building Barracks |
| 8:04 | DS_Uruguayo · first_building Barracks |
| 8:51 | [DDocs] Dr.Rollstuhl - Twitch · age_up feudal |
| 8:53 | [DDocs] Dr.Rollstuhl - Twitch · first_building Stable |
| 9:00 | DS_Uruguayo · age_up feudal |
| 9:03 | DS_Uruguayo · first_building Archery Range |
| 9:59 | DS_Uruguayo · wall_segment Palisade Wall x7 |
| 10:29 | DS_Uruguayo · wall_segment Palisade Wall x11 |
| 10:32 | DS_Uruguayo · wall_segment Palisade Wall x4 |
| 10:37 | DS_Uruguayo · wall_segment Palisade Wall x4 |
| 10:49 | DS_Uruguayo · wall_segment Palisade Wall x1 |
| 11:31 | DS_Uruguayo · wall_segment Palisade Wall x1 |
| 11:48 | [DDocs] Dr.Rollstuhl - Twitch · wall_segment Palisade Wall x9 |
| 12:08 | DS_Uruguayo · wall_segment Palisade Wall x5 |
| 12:18 | [DDocs] Dr.Rollstuhl - Twitch · wall_segment Palisade Wall x8 |
| 12:56 | [DDocs] Dr.Rollstuhl - Twitch · wall_segment Palisade Wall x18 |
| 13:13 | DS_Uruguayo · wall_segment Palisade Wall x1 |
| 18:06 | DS_Uruguayo · wall_segment Palisade Wall x1 |
| 18:48 | [DDocs] Dr.Rollstuhl - Twitch · age_up castle |
| 19:57 | DS_Uruguayo · age_up castle |
| 20:49 | DS_Uruguayo · first_building Siege Workshop |
| 21:53 | DS_Uruguayo · wall_segment Palisade Wall x1 |
| 21:54 | DS_Uruguayo · wall_segment Palisade Wall x2 |
| 22:09 | [DDocs] Dr.Rollstuhl - Twitch · first_building Monastery |
| 28:04 | [DDocs] Dr.Rollstuhl - Twitch · first_building Siege Workshop |
| 29:40 | [DDocs] Dr.Rollstuhl - Twitch · first_building Castle |
| 29:53 | DS_Uruguayo · first_market_buy 100 food |
| 30:45 | [DDocs] Dr.Rollstuhl - Twitch · first_market_buy 100 food |
| 31:47 | [DDocs] Dr.Rollstuhl - Twitch · age_up imperial |
| 31:53 | DS_Uruguayo · first_building Castle |
| 31:59 | [DDocs] Dr.Rollstuhl - Twitch · first_market_sell 100 wood |
| 33:20 | DS_Uruguayo · resign |
[ ANÁLISIS IA · 1 CRÉDITO ]
¿Qué pasó realmente en esta partida?
Wolo.gg analiza cada decisión: build order, eco, micro, errores típicos por bracket. Análisis personalizado por WhatsApp o Discord en 30 segundos.
Guía civ
Britanos
Perfil
DS_Santi